 Dungeon Crawl Stone Soup version 0.22.1-1-ga44c0e5 (webtiles) character file.

11268 HoaS the Grappler (level 11, 0/73 HPs)
             Began as a Gargoyle Berserker on Oct 7, 2018.
             Was a High Priest of Trog.
             Killed by divine providence
             ... invoked by an orc priest
              (13 damage)
             ... on level 10 of the Dungeon on Oct 8, 2018.
             The game lasted 00:37:38 (10483 turns).

HoaS the Grappler (Gargoyle Berserker)             Turns: 10483, Time: 00:37:38

Health: 0/73       AC: 21    Str: 23    XL:     11   Next: 75%
Magic:  11/11      EV: 11    Int:  9    God:    Trog [*****.]
Gold:   87         SH:  0    Dex:  9    Spells: 10/10 levels left

rFire    . . .     SeeInvis .     - Unarmed
rCold    . . .     Gourm    .   (no shield)
rNeg     + . .     Faith    .   i - +3 ring mail
rPois    ∞         Spirit   .   c - +0 helmet
rElec    +         Reflect  .   x - +0 cloak
rCorr    .         Harm     .   (no gloves)
MR       ++...                  (no boots)
Stlth    ..........             (no amulet)
HPRegen  1.22/turn              (no ring)
MPRegen  0.12/turn              (no ring)

@: berserk cooldown, regenerating, slowed, drained, very slow
A: negative energy resistance 1, electricity resistance, unbreathing,
petrification resistance, rot immunity, AC +8
a: Berserk, Trog's Hand, Brothers in Arms, Renounce Religion


You were on level 10 of the Dungeon.
You worshipped Trog.
Trog was extremely pleased with you.
You were very hungry.

You visited 1 branch of the dungeon, and saw 10 of its levels.

You collected 495 gold pieces.
You spent 408 gold pieces at shops.

Inventory:

Armour
 c - a +0 helmet (worn)
 i - a +3 ring mail (worn)
 x - a +0 cloak (worn)
Jewellery
 a - an uncursed ring of flight
 w - an uncursed ring of ice
 H - an uncursed ring of stealth
Wands
 f - a wand of polymorph (29)
 u - a wand of iceblast (7)
 v - a wand of acid (6)
 E - a wand of flame (35)
Scrolls
 h - 6 scrolls of remove curse
 j - 5 scrolls of teleportation
 m - 2 scrolls of enchant armour
 p - 3 scrolls of fear
 t - a scroll of amnesia
 y - a scroll of noise {unknown}
 D - a scroll of fog
 G - a scroll of magic mapping
Potions
 d - 5 potions of curing
 e - 2 potions of cancellation
 g - a potion of berserk rage
 k - 3 potions of heal wounds
 l - a potion of flight {unknown}
 n - 3 potions of ambrosia {unknown}
 q - 2 potions of might {unknown}
 r - 2 potions of resistance
 s - 4 potions of haste
 z - a potion of brilliance {unknown}
 A - a potion of agility {unknown}
 F - a potion of mutation
Comestibles
 b - 36 rations
 B - 24 chunks of flesh


   Skills:
 + Level 10.5(10.0) Fighting
 + Level 10.2(9.7) Armour
 - Level 1.5(1.1) Dodging
 * Level 13.0(12.4) Unarmed Combat


You had 10 spell levels left.
You didn't know any spells.
Your spell library was empty.

Dungeon Overview and Level Annotations

Branches:
Dungeon (10/15)            Temple (0/1) D:7
   Lair: D:8-11         Orc: D:9-12

Altars:
Ashenzari
Okawaru
Qazlal
Sif Muna
Trog
Xom
Yredelemnul
Zin

Shops:
D:7 :   D:10 !


Innate Abilities, Weirdness & Mutations

You are resistant to torment.
Your stone body is resilient. (AC +8)
You are immune to poison.
You resist negative energy. (rN+)
You are resistant to electric shocks. (rElec)
You can survive without breathing.
You are immune to petrification.
You are immune to rotting.


Message History

You hit the orc warrior.
You kill the orc warrior!
Trog accepts your kill.
Your base Unarmed Combat skill increases to level 13!
You are no longer berserk.
You are exhausted.
You feel as though you will be slow longer.
Your skin crawls.
You feel resistant to hostile enchantments.
You are starving!
Eat one of 25 chunks of flesh? (ye/n/q)
You eat one of the 25 chunks of flesh.
This raw flesh tastes terrible.
You are feeling very hungry.
The orc priest invokes the aid of Beogh against you.
Beogh smites you!
* * * LOW HITPOINT WARNING * * *
The orc closely misses you.
The orc priest calls down the wrath of Beogh upon you.
Beogh smites you!
You die...

.##.##.. .# #.# ####.# ..
#.# ..#.##.######.#
....#..........
##......######.# ###....#
#.# #......#..# #.#
#@#...##..# #.# #
#o##.=..#.# #.#
##)#######.##)####.# #.#
##........oo##.# #.######.#
#...........##.# #.#......#
##...######.##.####.#.######
... #.##(.......# .
#.#######.### ..# #.#


You could see an orc priest and 2 orcs.

Vanquished Creatures
  Josephine (D:10)
  Nergalle (D:10)
  Pikel (D:8)
  The ghost of nightchill the Cudgeler, a novice GrFi of the Shining One (D:6)
  Psyche (D:9)
  A troll (D:9)
  2 hippogriffs
  A wyvern (D:10)
  4 hogs (D:7)
  A human (D:7)
  2 fire bats (D:5)
  Grum (D:9)
  3 wraiths (D:10)
  6 yaks (D:10)
  A steam dragon (D:9)
  Edmund (D:5)
  3 water moccasins
  2 ice beasts
  3 orc warriors
  2 phantoms
  2 eyes of draining
  4 ogres
  4 wolves (D:9)
  8 centaurs
  6 bullfrogs
  3 scorpions
  6 killer bees
  17 wights
  3 howler monkeys (D:8)
  A spectral bullfrog (D:6)
  4 crimson imps
  A spectral centaur (D:6)
  A bullfrog zombie (D:5)
  Crazy Yiuf (D:5)
  A centaur zombie (D:8)
  A human zombie (D:8)
  An orc priest (D:7)
  A gnoll shaman (D:3)
  4 hounds
  2 jellies
  Natasha (thrice) (D:4)
  A human skeleton (D:8)
  4 iguanas
  5 orc wizards
  10 worker ants
  A howler monkey zombie (D:6)
  11 adders
  10 gnolls
  A hound simulacrum (D:6)
  2 shadow imps (D:9)
  2 oozes (D:3)
  An adder skeleton (D:7)
  An adder zombie (D:6)
  4 worms (D:2)
  2 dart slugs
  5 leopard geckos
  13 orcs
  8 giant cockroaches
  7 goblins
  9 hobgoblins
  14 jackals
  11 kobolds
  A quokka (D:2)
  4 bats
  12 frilled lizards
  2 jackal skeletons
  4 leopard gecko skeletons
  2 quokka skeletons
  6 rats
265 creatures vanquished.

Vanquished Creatures (others)
  A slave (D:8)
1 creature vanquished.

Grand Total: 266 creatures vanquished

Notes
Turn   | Place    | Note
-------+----------+-------------------------------------------
     0 | D:1      | HoaS the Gargoyle Berserker began the quest for the Orb.
     0 | D:1      | Reached XP level 1. HP: 14/14 MP: 1/1
   156 | D:1      | Reached XP level 2. HP: 19/19 MP: 2/2
   393 | D:1      | Reached ** piety under Trog
   429 | D:1      | Reached XP level 3. HP: 15/23 MP: 3/3
  1234 | D:2      | Reached skill level 4 in Unarmed Combat
  1330 | D:2      | Reached XP level 4. HP: 25/29 MP: 4/4
  1845 | D:2      | Reached *** piety under Trog
  2080 | D:3      | Reached XP level 5. HP: 33/33 MP: 5/5
  2682 | D:4      | Reached skill level 5 in Unarmed Combat
  2706 | D:4      | Found a shattered altar of Ashenzari.
  2709 | D:4      | Found a stormy altar of Qazlal.
  2712 | D:4      | Found a shimmering altar of Xom.
  2715 | D:4      | Found a glowing silver altar of Zin.
  2741 | D:4      | Reached XP level 6. HP: 33/39 MP: 6/6
  2807 | D:4      | Found the +8 demon blade "Leech" {vamp, rN+ AC-3 EV-3}
  3167 | D:4      | Noticed an eye of draining
  3168 | D:4      | Found a bloodstained altar of Trog.
  3180 | D:4      | Killed an eye of draining
  3180 | D:4      | Reached skill level 5 in Fighting
  3180 | D:4      | Reached skill level 6 in Unarmed Combat
  3180 | D:4      | Reached XP level 7. HP: 43/44 MP: 0/7
  3229 | D:4      | Noticed Natasha
  3239 | D:4      | Killed Natasha
  3269 | D:4      | Found a deep blue altar of Sif Muna.
  3515 | D:4      | Noticed Natasha
  3584 | D:4      | Killed Natasha
  3734 | D:4      | Noticed Natasha
  3743 | D:4      | Killed Natasha
  3743 | D:4      | Reached **** piety under Trog
  3763 | D:5      | Entered Level 5 of the Dungeon
  3763 | D:5      | Noticed Edmund
  3795 | D:5      | Killed Edmund
  3982 | D:5      | Reached skill level 5 in Armour
  4005 | D:5      | Reached XP level 8. HP: 51/51 MP: 8/8
  4014 | D:5      | Reached skill level 7 in Unarmed Combat
  4518 | D:5      | Found a transporter.
  4704 | D:5      | Found a transporter.
  4938 | D:5      | Found a runed door.
  5070 | D:5      | Noticed Crazy Yiuf
  5076 | D:5      | Killed Crazy Yiuf
  5392 | D:6      | Reached skill level 8 in Unarmed Combat
  5527 | D:6      | Received a gift from Trog
  5950 | D:6      | Found a runed gate.
  5950 | D:6      | Found a runed gate.
  5951 | D:6      | Found a runed gate.
  5956 | D:6      | Noticed nightchill's ghost (novice GrFi)
  5973 | D:6      | Reached XP level 9. HP: 49/56 MP: 9/9
  6561 | D:7      | Reached skill level 9 in Unarmed Combat
  7001 | D:7      | Found Bugiomu's Book Shop.
  7164 | D:7      | Reached skill level 10 in Unarmed Combat
  7169 | D:7      | Reached XP level 10. HP: 18/64 MP: 10/10
  7522 | D:7      | Found a staircase to the Ecumenical Temple.
  7700 | D:6      | Killed nightchill's ghost
  7808 | D:7      | Reached ***** piety under Trog
  8300 | D:8      | Reached skill level 11 in Unarmed Combat
  8508 | D:8      | Found a runed door.
  8509 | D:8      | Noticed Pikel
  8510 | D:8      | Found an iron altar of Okawaru.
  8610 | D:8      | Killed Pikel
  8690 | D:8      | Found a basalt altar of Yredelemnul.
  9236 | D:9      | Noticed Psyche
  9250 | D:9      | Killed Psyche
  9320 | D:9      | Received a gift from Trog
  9345 | D:9      | Reached XP level 11. HP: 71/71 MP: 6/11
  9662 | D:9      | Reached skill level 12 in Unarmed Combat
  9764 | D:9      | Noticed Grum
  9787 | D:9      | Killed Grum
 10160 | D:10     | Entered Level 10 of the Dungeon
 10219 | D:10     | Noticed Nergalle
 10239 | D:10     | Killed Nergalle
 10239 | D:10     | Reached skill level 10 in Fighting
 10264 | D:10     | Found Dunohila's Distillery.
 10272 | D:10     | Bought a potion of curing for 36 gold pieces
 10272 | D:10     | Bought a potion of mutation for 96 gold pieces
 10272 | D:10     | Bought 2 potions of haste for 240 gold pieces
 10272 | D:10     | Bought a potion of curing for 36 gold pieces
 10416 | D:10     | Reached skill level 10 in Armour
 10446 | D:10     | Noticed Josephine
 10468 | D:10     | Killed Josephine
 10479 | D:10     | Reached skill level 13 in Unarmed Combat
 10483 | D:10     | Killed from afar by an orc priest

Skill      XL: |  1  2  3  4  5  6  7  8  9 10 11 |
---------------+----------------------------------+-----
Unarmed Combat | 4 5 6 8 10 11 13 | 13.0
Armour         | 3 4 5 6 7 9 10 | 10.2
Fighting       | 4 5 6 8 9 10 | 10.5
Dodging        | |  1.5

Action                   |  1- 3 |  4- 6 |  7- 9 | 10-12 || total
-------------------------+-------+-------+-------+-------++-------
Melee: Unarmed           |   191 |   308 |   381 |   435 ||  1315
       Punch             |     1 |     7 |    12 |    24 ||    44
Invok: Berserk           |       |       |     2 |     4 ||     6
       Trog's Hand       |       |       |       |     2 ||     2
  Use: Scroll            |     3 |     8 |     8 |     2 ||    21
 Stab: Invisible         |       |       |     1 |       ||     1
  Eat: Chunk             |     1 |     7 |    14 |    12 ||    34
       Ration            |       |       |       |     1 ||     1
Armor: Animal skin       |    53 |       |       |       ||    53
       Chain mail        |     8 |   213 |    44 |       ||   265
       Ring mail         |       |       |   148 |   210 ||   358
Dodge: Dodged            |    94 |   131 |   213 |   224 ||   662
